 Dungeon Crawl Stone Soup version 0.30-a0-341-g682706514a (webtiles) character file.

Game seed: 16046411959955956045

1003 lunkers the Slicer (level 8, 0/61 HPs)
             Began as a Meteoran Fighter on Nov 1, 2022.
             Was a Follower of Okawaru.
             Slain by a jelly (3 damage)
             ... on level 5 of the Dungeon.
             The game lasted 00:04:45 (1722 turns).

lunkers the Slicer (Meteoran Fighter)               Turns: 1722, Time: 00:04:45

Health: 0/61       AC:  0    Str: 20    XL:     8   Next: 71%
Magic:  11/11      EV:  9    Int:  9    God:    Okawaru [*.....]
Gold:   142        SH:  5    Dex: 14    Spells: 7/7 levels left

rFire   . . .      SeeInvis .    s - +2 hand axe (elec)
rCold   . . .      Faith    .    c - +0 buckler
rNeg    . . .      Spirit   .    b - +0 scale mail
rPois   .          Reflect  .    (no helmet)
rElec   .          Harm     .    o - +0 cloak
rCorr   .          Rampage  .    (no gloves)
Will    +....                    (no boots)
Stlth   ..........               (no amulet)
HPRegen 0.30/turn                (no ring)
MPRegen 0.12/turn                (no ring)

@: corroded, glowing
A: sense surroundings 1, otherworldly, glowing, explore regen, frail 1,
screaming 1
a: Renounce Religion, Heroism


You were on level 5 of the Dungeon.
You worshipped Okawaru.
Okawaru was aware of your devotion.
You visited 1 branch of the dungeon, and saw 5 of its levels.

You collected 142 gold pieces.

Inventory:

Hand Weapons
 a - a +0 rapier
 s - a +2 hand axe of electrocution (weapon)
Missiles
 i - 3 boomerangs
 n - 3 poisoned darts (quivered)
Armour
 b - a +0 scale mail (worn)
 c - a +0 buckler (worn)
 h - a +2 tower shield
 o - a +0 cloak (worn)
Scrolls
 d - a scroll of enchant armour {unknown}
 e - a scroll of noise {unknown}
 f - a scroll of butterflies {unknown}
 j - a scroll of immolation {unknown}
 l - a scroll of silence {unknown}
 m - 5 scrolls of identify {unknown}
 t - a scroll of magic mapping {unknown}
Potions
 g - a potion of flight {unknown}
 k - a potion of mutation
 p - 2 potions of brilliance {unknown}
 q - 3 potions of curing {unknown}
 r - 3 potions of heal wounds {unknown}
 u - a potion of haste {unknown}
 v - a potion of lignification {unknown}


   Skills:
 - Level 5.0 Fighting
 - Level 8.0 Short Blades
 * Level 2.5 Axes
 - Level 5.4 Armour
 - Level 3.6 Shields
 - Level 3.0 Invocations


You had 7 spell levels left.
You didn't know any spells.
Your spell library contained the following spells:

 Spells                   Type           Power      Damage    Failure   Level
 Beastly Appendage        Tmut           0%         N/A       82%         1
 Static Discharge         Conj/Air       0%         2-2/arc   91%         2
 Wereblood                Tmut           0%         N/A       91%         2
 Portal Projectile        Hex/Tloc       0%         N/A       99%         3
 Spider Form              Tmut/Pois      0%         N/A       99%         3
 Vhi's Electric Charge    Tloc/Air       0%         N/A       99%         3
 Leda's Liquefaction      Hex/Erth       0%         N/A       100%        4
 Arcjolt                  Conj/Air       0%         1d10      100%        5
 Blade Hands              Tmut           0%         N/A       100%        5
 Lee's Rapid Deconstruct  Erth           0%         3d4*      100%        5
 Lightning Bolt           Conj/Air       0%         1d11      100%        5
 Statue Form              Tmut/Erth      0%         N/A       100%        6
 Tukima's Dance           Hex            Unusable   N/A       N/A         3

Dungeon Overview and Level Annotations

Branches:
Dungeon (5/15) Zot: 1302
 Temple: D:4-7

Altars:
Okawaru
Wu Jian


Innate Abilities, Weirdness & Mutations

You passively map a small area around you.
You are easily found by Zot.
You glow in the dark.
You regain HP and MP as you explore.
You are frail. (-10% HP)
You occasionally shout uncontrollably at your foes.


Message History

The jelly is poisoned.
You hit the jelly.
Your hands burn!
The jelly is lightly wounded.
You block the jelly's attack. The jelly barely misses you.
You hit the jelly. The acid corrodes you!
Your hands burn!
The jelly is lightly wounded.
The jelly hits you but does no damage.
You slash the jelly!
Your hands burn!
The jelly is moderately wounded.
The jelly looks more healthy.
The jelly hits you. The acid corrodes you!
You are splashed with acid!
You hit the jelly.
Your hands burn!
The jelly is heavily wounded.
You block the jelly's attack.
You hit the jelly but do no damage.
Your hands burn!
The jelly is heavily wounded.
The jelly hits you.
You are splashed with acid!
* * * LOW HITPOINT WARNING * * *
The jelly hits you.
* * * LOW HITPOINT WARNING * * *
You are splashed with acid!
* * * LOW HITPOINT WARNING * * *
You hit the jelly.
Your hands burn!
* * * LOW HITPOINT WARNING * * *
The jelly is heavily wounded.
The jelly hits you.
* * * LOW HITPOINT WARNING * * *
You are splashed with acid!
* * * LOW HITPOINT WARNING * * *
Unknown command.
Unknown command.
Unknown command.
You aren't carrying any items that you can evoke.
Unknown command.
Unknown command.
You hit the jelly but do no damage.
Your hands burn!
* * * LOW HITPOINT WARNING * * *
The jelly is heavily wounded.
The jelly hits you.
You die...

**##+####.........###
#...(.#.........#
#.....#.........#,,
#..(..'.........###
###'###............
#....#######'###...
#....#.........#...
#.J..#.........#...
#####.@..#+#####'###...
#....#'###..####..###+#
#....#..#....#.....'..#
#....#..#....#.....#..'
#....#..#...########..#
#....#..#...#......#..#
#....#..#...'......#..#
#....########......####
###'##.............#


You could see a jelly.

Vanquished Creatures
  Sigmund (D:3)
  A water moccasin (D:5)
  A sky beast (D:5)
  A black bear (D:5)
  An ogre (D:5)
  2 phantoms
  A necrophage (D:5)
  A scorpion (D:4)
  A water moccasin skeleton (D:3)
  A hound (D:5)
  An iguana (D:5)
  A scorpion zombie (D:3)
  A hound skeleton (D:3)
  An adder (D:5)
  3 adder skeletons (D:3)
  A worm (D:2)
  A dart slug (D:2)
  7 orcs
  6 ball pythons
  8 endoplasms
  2 giant cockroaches
  3 goblins
  5 hobgoblins
  2 jackals (D:1)
  A quokka (D:2)
  2 ball python skeletons (D:3)
  A bat (D:3)
  5 frilled lizards
  2 kobolds (D:2)
  2 rats (D:1)
66 creatures vanquished.

Vanquished Creatures (others)
  2 withered plants (D:3)
2 creatures vanquished.

Grand Total: 68 creatures vanquished

Notes
Turn   | Place    | Note
-------+----------+-------------------------------------------
     0 | D:1      | lunkers the Meteoran Fighter began the quest for the Orb.
     0 | D:1      | Reached XP level 1. HP: 19/19 MP: 2/2
    72 | D:1      | Reached XP level 2. HP: 22/26 MP: 3/3
   125 | D:1      | Reached skill level 3 in Short Blades
   251 | D:1      | Reached XP level 3. HP: 26/31 MP: 4/4
   441 | D:2      | Found an ornate altar of the Wu Jian Council.
   500 | D:2      | Reached skill level 4 in Short Blades
   580 | D:3      | Noticed Sigmund
   593 | D:3      | Killed Sigmund
   594 | D:3      | Reached skill level 6 in Short Blades
   594 | D:3      | Reached XP level 4. HP: 27/38 MP: 5/5
   594 | D:3      | Reached XP level 5. HP: 32/45 MP: 6/6
   594 | D:3      | Reached XP level 6. HP: 37/51 MP: 7/7
   678 | D:3      | Reached skill level 7 in Short Blades
   687 | D:3      | Reached XP level 7. HP: 24/57 MP: 8/8
   738 | D:3      | Found an iron altar of Okawaru.
   749 | D:3      | Became a worshipper of Warmaster Okawaru
  1112 | D:4      | Reached skill level 8 in Short Blades
  1196 | D:5      | Entered Level 5 of the Dungeon
  1214 | D:5      | Reached skill level 1 in Invocations
  1318 | D:5      | Reached XP level 8. HP: 27/63 MP: 9/11
  1353 | D:5      | Reached * piety under Okawaru
  1357 | D:5      | Gained mutation: You occasionally shout uncontrollably at
                  | your foes. [potion of mutation]
  1357 | D:5      | Gained mutation: You are frail. (-10% HP) [potion of
                  | mutation]
  1370 | D:5      | Reached skill level 5 in Armour
  1389 | D:5      | Reached skill level 5 in Fighting
  1722 | D:5      | HP: 3/61 [acid (4)]
  1722 | D:5      | Slain by a jelly

Illustrated notes

Levels and vault maps discovered:
D:1:      psy_arrival_conway, layout_basic, minmay_hexomino_c4
D:2:      layout_basic, basic_altar, kennysheep_generic_room_14, uniq_terence
D:3:      layout_rooms, mainiacjoe_overflow_cross_hatched, tgw_trog,
          serial_undead, serial_undead_c, serial_undead_b, serial_undead_d,
          serial_undead_d, serial_undead_b, serial_undead_e, serial_undead_b,
          uniq_sigmund
D:4:      layout_cave_pods, grunt_dithmenos_smoke
D:5:      layout_gridville, nemelex_diamond_rough_becter, minmay_starry_boxes,
          uniq_grinder

Skill      XL: |  1  2  3  4  5  6  7  8 |
---------------+-------------------------+-----
Short Blades   | 3 6 7 8 |  8.0
Invocations    | 2 3 |  3.0
Armour         | 4 5 |  5.4
Fighting       | 5 |  5.0
Axes           | 2 |  2.5
Shields        | |  3.6

Action                   |  1- 3 |  4- 6 |  7- 9 || total
-------------------------+-------+-------+-------++-------
Melee: Rapier            |    97 |    52 |   191 ||   340
       Hand axe          |       |       |    25 ||    25
Throw: Boomerang         |     3 |       |       ||     3
       Dart              |       |       |    21 ||    21
Invok: Heroism           |       |       |     1 ||     1
  Use: Potion            |     1 |       |     1 ||     2
Armor: Scale mail        |    37 |    21 |    76 ||   134
Dodge: Dodged            |    21 |    16 |    54 ||    91
Block: Buckler           |    17 |     7 |    43 ||    67

Table legend: (Time is in decaauts)
 A = Elapsed time spent in this place.
 B = Non-inter-level travel time spent in this place.
 C = Inter-level travel time spent in this place.
 D = Time resting spent in this place.
 E = Time spent auto-exploring this place.
 F = Levels seen in this place.
 G = Mean time per level.
                   A        B        C        D        E       F      G
               +--------+--------+--------+--------+--------+-----+--------+
         Total |   1696 |   1675 |     21 |      0 |   1055 |   5 |  339.2 |
       Dungeon |   1696 |   1675 |     21 |      0 |   1055 |   5 |  339.2 |
               +--------+--------+--------+--------+--------+-----+--------+

Top non-repeatable levels by time:
     D:5: 510 daAuts
     D:3: 372 daAuts
     D:4: 276 daAuts
     D:1: 271 daAuts
     D:2: 266 daAuts
